 Dungeon Crawl Stone Soup version 0.26-a0-672-g1df16c3386 (webtiles) character file.

Game seed: 7664609129666295599

2693 grandjackal the Skirmisher (level 9, -2/69 (71) HPs)
             Began as a Demonspawn Gladiator on Oct 19, 2020.
             Was a Believer of Vehumet.
             Splashed by a centaur's acid (14 damage)
             ... on level 7 of the Dungeon.
             The game lasted 00:10:06 (10337 turns).

grandjackal the Skirmisher (Demonspawn Gladiator)  Turns: 10337, Time: 00:10:07

HP:   -2/69 (71)    AC: -3    Str: 21    XL:     9   Next: 38%
MP:   0/16          EV: 15    Int: 13    God:    Vehumet [**....]
Gold: 36            SH:  0    Dex: 14    Spells: 16/17 levels left

rFire    . . .     SeeInvis .   G - +5 long sword (freeze) (curse)
rCold    + . .     Faith    .   (no shield)
rNeg     . . .     Spirit   +   b - +0 leather armour
rPois    .         Reflect  .   c - +0 helmet
rElec    .         Harm     +   (no cloak)
rCorr    .         Rampage  .   F - +0 pair of gloves of the Moon {Harm Str+4 Int+2 Slay+2} (curse)
MR       .....                  (no boots)
Stlth    ++........             (no amulet)
HPRegen  0.21/turn              n - ring of stealth
MPRegen  0.30/turn              r - ring of wizardry

@: corroded
A: cold resistance 1, magic shield, magic regeneration, freezing cloud immunity
a: Renounce Religion


You were on level 7 of the Dungeon.
You worshipped Vehumet.
Vehumet was pleased with you.
You visited 2 branches of the dungeon, and saw 8 of its levels.
You also visited: Ossuary.

You collected 592 gold pieces.
You spent 556 gold pieces at shops.

Inventory:

Hand Weapons
 G - a cursed +5 long sword of freezing (weapon)
Missiles
 d - 3 throwing nets (quivered)
Armour
 b - a +0 leather armour (worn)
 c - a +0 helmet (worn)
 F - the cursed +0 pair of gloves of the Moon (worn) {Harm Str+4 Int+2 Slay+2}
   (You bought it in a shop on level 4 of the Dungeon)

   It affects your strength (+4).
   It affects your intelligence (+2).
   It affects your accuracy and damage with ranged weapons and melee attacks
   (+2).
   It increases damage dealt and taken.
   It has a curse placed upon it.
Jewellery
 a - an uncursed ring of magical power {unknown}
 n - a ring of stealth (left hand)
 r - a ring of wizardry (right hand)
 E - a cursed ring of teleportation {unknown}
Wands
 y - a wand of paralysis (9)
 B - a wand of iceblast (14)
Scrolls
 e - 2 scrolls of fear {unknown}
 h - 5 scrolls of teleportation
 i - 2 scrolls of blinking {unknown}
 m - a scroll of amnesia
 p - 6 scrolls of remove curse
 s - 2 scrolls of enchant armour
 t - a scroll of fog
 u - 2 scrolls of enchant weapon {unknown}
 x - 3 scrolls of magic mapping {unknown}
 A - a scroll of torment
Potions
 f - 2 potions of lignification
 g - 3 potions of stabbing
 j - 3 potions of curing
 k - 4 potions of heal wounds
 l - a potion of resistance
 o - a potion of brilliance
 q - 4 potions of berserk rage
 v - 2 potions of haste
 w - 4 potions of degeneration {unknown}
 z - 4 potions of mutation
 C - a potion of might
 D - a potion of invisibility {unknown}


   Skills:
 + Level 6.7 Fighting
 + Level 6.5 Long Blades
 - Level 1.7 Throwing
 + Level 6.5 Dodging
 + Level 4.7 Spellcasting
 + Level 2.7 Fire Magic


You had 16 spell levels left.
You knew the following spells:

 Your Spells              Type           Power        Failure   Level
a - Foxfire               Conj/Fire      #...         5%          1

Your spell library contained the following spells:

 Spells                   Type           Power        Failure   Level


Dungeon Overview and Level Annotations

Branches:
Dungeon (7/15)             Temple (1/1) D:5         Ossuary (visited)

Altars:
Ashenzari
Elyvilon
Fedhas
Gozag
Hepliaklqana
Kikubaaqudgha
Okawaru
Ru
Sif Muna
Trog
Uskayaw
Vehumet
Wu Jian
Xom
Yredelemnul
Zin
The Shining One

Shops:
D:4 ![:?}   D:6 !


Innate Abilities, Weirdness & Mutations

Your flesh is cold resistant. (rC+)
When hurt, damage is shared between your health and your magic reserves.
You regenerate magic rapidly.
You are immune to freezing clouds.


Message History

You slash the worker ant! You freeze the worker ant!
You kill the worker ant!
Vehumet accepts your kill.
You feel your power returning.
Your life force feels restored.
You hear a shout!
You hit the centaur. You freeze the centaur.
The centaur is lightly wounded.
The centaur unwields a +0 shortbow.
The centaur barely misses you.
Evoke which item? (* to show all) (? for menu, Esc to quit)
Aiming: Paralyse
Press: ? - help, Shift-Dir - straight line, f/p - centaur
Aim: a centaur, quivering 26 arrows and carrying a wand of acid (4) (lightly wounded, chance to defeat MR: 46%)
The centaur resists with some effort.
The centaur completely misses you.
You riposte.
You closely miss the centaur.
The centaur is lightly wounded.
The centaur zaps a wand.
The bolt of acid hits you!
* * * LOW HITPOINT WARNING * * *
The acid corrodes you!
You are splashed with acid!
You die...

#.....#..##. #.# #.....##...# ##
#.. #.###.#.F#.###..# #..
##.###.##...F...# #..
#......#.#.#(#†#.# #..
######.#####)### ###########..
#.##..##))###.........#..
#########.#.##.c##..#.#.#.#.#.#..
.......>..##..##@)###########.#..
##.######.#.##..##..#.#.#.#.#.#..
#.# #.##..##..##............# #.#
#.#.##..##).#.#.#.#?#.#.. #.#
#.##..##..###.#########.. #.#
#.#.##..##..#.#(#.#.#)#.. #.#
#.##..##..###.........#.. #.#
#.#####################.. #.#
#........................


You could see a centaur.

Vanquished Creatures
  2 ice beasts
  A water moccasin (D:7)
  A sky beast (D:7)
  2 orc warriors (D:7)
  A necrophage (D:7)
  2 phantoms (D:7)
  5 ogres
  4 centaurs
  A wyvern zombie (D:6)
  A scorpion (D:5)
  3 wights (D:7)
  2 hounds
  2 jellies
  5 orc wizards
  A bullfrog skeleton (D:5)
  A centaur skeleton (D:5)
  6 worker ants
  A big kobold zombie (Ossuary)
  8 mummies (Ossuary)
  8 gnolls
  10 adders
  A white imp (D:5)
  3 ufetubi
  An adder skeleton (D:3)
  A worm (D:3)
  2 dart slugs
  6 leopard geckos
  13 orcs
  A bat (D:1)
  6 giant cockroaches
  11 goblins
  5 hobgoblins
  3 jackals (D:4)
  11 kobolds
  2 quokkas (D:7)
  2 ball pythons
  5 frilled lizards
  A gnoll zombie (Ossuary)
  A goblin zombie (D:7)
  2 hobgoblin zombies (Ossuary)
  A jackal skeleton (D:7)
  2 kobold zombies (Ossuary)
  A leopard gecko skeleton (D:7)
  2 orc zombies (Ossuary)
  6 rats
  A rat zombie (D:7)
157 creatures vanquished.

Vanquished Creatures (others)
  11 foxfires (D:7)
11 creatures vanquished.

Grand Total: 168 creatures vanquished

Notes
Turn   | Place    | Note
-------+----------+-------------------------------------------
     0 | D:1      | grandjackal the Demonspawn Gladiator began the quest for
                  | the Orb.
     0 | D:1      | Reached XP level 1. HP: 16/16 MP: 1/1
   105 | D:1      | Gained mutation: Your flesh is cold resistant. (rC+)
                  | [demonic ancestry]
   105 | D:1      | Reached XP level 2. HP: 23/23 MP: 2/2
   222 | D:1      | Gained mutation: You are immune to freezing clouds.
                  | [demonic ancestry]
   222 | D:1      | Reached XP level 3. HP: 12/28 MP: 3/3
  1369 | D:2      | Noticed an ogre
  1383 | D:2      | Killed an ogre
  1383 | D:2      | Gained mutation: When hurt, damage is shared between your
                  | health and your magic reserves. [demonic ancestry]
  1383 | D:2      | Reached XP level 4. HP: 6/35 MP: 4/4
  1383 | D:2      | Gained mutation: You regenerate magic rapidly. [demonic
                  | ancestry]
  1383 | D:2      | Reached XP level 5. HP: 7/41 MP: 5/5
  1664 | D:2      | Noticed an ogre
  1670 | D:2      | Killed an ogre
  2249 | D:3      | Reached XP level 6. HP: 47/48 MP: 6/6
  2625 | D:3      | Found a bloodstained altar of Trog.
  3165 | D:4      | Found Numea's Book Boutique.
  3190 | D:4      | Found Uriky's Magic Scroll Shoppe.
  3193 | D:4      | Bought a scroll of identify for 20 gold pieces
  3193 | D:4      | Bought a scroll of teleportation for 30 gold pieces
  3193 | D:4      | Bought a scroll of fog for 20 gold pieces
  3193 | D:4      | Bought a scroll of noise for 10 gold pieces
  3193 | D:4      | Bought a scroll of remove curse for 30 gold pieces
  3265 | D:4      | Reached skill level 1 in Spellcasting
  3473 | D:4      | Found Nuiptumo's Gadget Shoppe.
  3704 | D:4      | Found Lilo's Armour Boutique.
  4014 | D:4      | Found Par Xeag's Distillery.
  4019 | D:4      | Bought a potion of curing for 36 gold pieces
  4216 | D:4      | Reached XP level 7. HP: 28/55 MP: 3/9
  4472 | D:5      | Entered Level 5 of the Dungeon
  5084 | D:5      | Found an iron altar of Okawaru.
  5192 | D:5      | Reached skill level 5 in Fighting
  5192 | D:5      | Reached skill level 5 in Long Blades
  5192 | D:5      | Reached skill level 5 in Dodging
  5956 | D:5      | Found a staircase to the Ecumenical Temple.
  6133 | Temple   | Entered the Ecumenical Temple
  6141 | Temple   | Became a worshipper of Vehumet
  6269 | D:6      | Found a shimmering altar of Xom.
  6269 | D:6      | Found a shimmering altar of Xom.
  6270 | D:6      | Found a shimmering altar of Xom.
  6271 | D:6      | Found a shimmering altar of Xom.
  6552 | D:6      | Reached XP level 8. HP: 27/62 MP: 4/12
  7092 | D:6      | Found Yckug's Distillery.
  7100 | D:6      | Bought a potion of might for 56 gold pieces
  7397 | D:7      | Found a sand-covered staircase.
  7425 | Ossuary  | Entered an ossuary
  7493 | Ossuary  | Reached * piety under Vehumet
  7493 | Ossuary  | Offered knowledge of Foxfire by Vehumet.
  7782 | Ossuary  | Learned a level 1 spell: Foxfire
  8387 | D:7      | Reached skill level 1 in Fire Magic
  9305 | D:7      | Reached XP level 9. HP: 38/69 MP: 11/15
  9696 | D:4      | Bought the cursed +0 pair of gloves of the Moon {Harm Str+4
                  | Int+2 Slay+2} for 354 gold pieces
  9831 | D:7      | Reached ** piety under Vehumet
 10337 | D:7      | Splashed by a centaur's acid

Illustrated notes

Levels and vault maps discovered:
D:1:      minmay_arrival_shattered_statue, layout_basic
D:2:      layout_loops_ring
D:3:      cheibrodos_helix_gallery, layout_basic, lemuel_round_altar
D:4:      layout_basic, serial_shops, shop, shop, kennysheep_mini, shop,
          nicolae_shop_crystal
D:5:      layout_basic, temple_doors_ab, grunt_decor_one_mirror,
          okawaru_gym_becter
D:6:      layout_loops_cross, serial_shops, shop, xom_redecorated
D:7:      layout_basic, enter_ossuary_4, enter_bailey_2, st_stairs_5,
          minmay_the_grid_2x2 [minmay_the_grid_slots,
          minmay_the_grid_stretched_grid, minmay_the_grid_tiny_cups,
          minmay_the_grid_prize_four_corners]
Temple:   dpeg_three_leaves_temple

Skill      XL: |  1  2  3  4  5  6  7  8  9 |
---------------+----------------------------+-----
Dodging        | 3 4 5 6 |  6.5
Long Blades    | 3 4 5 6 |  6.5
Fighting       | 3 4 5 6 |  6.7
Spellcasting   | 1 2 4 |  4.7
Fire Magic     | 1 2 |  2.7
Throwing       | |  1.7

Action                   |  1- 3 |  4- 6 |  7- 9 || total
-------------------------+-------+-------+-------++-------
Melee: Long sword        |    97 |   143 |   360 ||   600
Throw: Throwing net      |     2 |       |     1 ||     3
 Cast: Foxfire           |       |       |     6 ||     6
Evoke: Wand              |       |       |     2 ||     2
  Use: Scroll            |       |     8 |     4 ||    12
       Potion            |       |       |     1 ||     1
 Stab: Sleeping          |     1 |     2 |     8 ||    11
       Held in net/web   |     1 |       |       ||     1
       Distracted        |       |       |     1 ||     1
Armor: Leather armour    |    12 |    31 |    52 ||    95
Dodge: Dodged            |    67 |   117 |   279 ||   463
       Rpst.: Long sword |    22 |    35 |    88 ||   145

Table legend: (Time is in decaauts)
 A = Elapsed time spent in this place.
 B = Non-inter-level travel time spent in this place.
 C = Inter-level travel time spent in this place.
 D = Time resting spent in this place.
 E = Time spent auto-exploring this place.
 F = Levels seen in this place.
 G = Mean time per level.
                   A        B        C        D        E       F      G
               +--------+--------+--------+--------+--------+-----+--------+
         Total |  10436 |  10123 |    313 |   3758 |   4860 |   9 | 1159.6 |
       Dungeon |   9902 |   9598 |    304 |   3492 |   4860 |   7 | 1414.6 |
        Temple |     16 |      8 |      8 |      0 |      0 |   1 |   16.0 |
       Ossuary |    516 |    516 |      0 |    266 |      0 |   1 |  516.0 |
               +--------+--------+--------+--------+--------+-----+--------+

Top non-repeatable levels by time:
     D:7: 2044 daAuts
     D:5: 2037 daAuts
     D:4: 1426 daAuts
     D:6: 1248 daAuts
     D:3: 1102 daAuts
     D:2: 1031 daAuts
     D:1: 1011 daAuts
 Ossuary: 516 daAuts
  Temple: 16 daAuts
